 Dungeon Crawl Stone Soup version 0.14-a0-817-g3f7b0b1 (webtiles) character file.

5091 Malachi the Spear-Bearer (level 10, -3/73 HPs)
             Began as a Demonspawn Abyssal Knight on Nov 12, 2013.
             Was a High Priest of Lugonu.
             Shot with an arrow of flame by a centaur (10 damage)
             ... on Level 9 of the Dungeon.
             The game lasted 00:21:18 (9693 turns).

Malachi the Spear-Bearer (DsAK)                     Turns: 9693, Time: 00:21:21

HP  -3/73        AC 17     Str 15      XL: 10   Next: 21%
MP  20/20        EV  6     Int 13      God: Lugonu [*****.]
Gold 385         SH 13     Dex 14      Spells:  0 memorised,  9 levels left

Res.Fire  : . . .   See Invis. : .   a - +3 spear
Res.Cold  : . . .   Warding    : .   w - +0 elf chain mail
Life Prot.: . . .   Conserve   : .   z - +0 buckler
Res.Poison: .       Res.Corr.  : +   (no helmet)
Res.Elec. : .       Clarity    : .   (no cloak)
Sust.Abil.: . .     Spirit.Shd : .   u - +1 pair of dwarf gloves
Res.Mut.  : .       Stasis     : .   p - +1 pair of boots
Res.Rott. : .       Flight     : .   t - amulet of resist corrosion
Saprovore : . . .                    (no ring)
                                     o - ring of wizardry

@: somewhat resistant to hostile enchantments, extremely unstealthy
A: hooves 2, conserve scrolls, powered by death 1, AC +3, SH +4
a: Depart the Abyss, Bend Space, Banish, Corrupt, Enter the Abyss, Renounce
Religion


You were on level 9 of the Dungeon.
You worshipped Lugonu.
Lugonu was extremely pleased with you.
You were hungry.

You visited 1 branch of the dungeon, and saw 9 of its levels.
You visited the Abyss 1 time.

You collected 385 gold pieces.

Inventory:

Hand weapons
 a - a +3,+3 spear (weapon)
Missiles
 i - a throwing net (quivered)
Armour
 p - a +1 pair of boots (worn)
 u - a +1 pair of dwarven gloves (worn)
 w - a +0 elven chain mail (worn)
 z - a +0 buckler (worn)
Magical devices
 g - a wand of confusion (6) {unknown}
 l - a wand of lightning (4)
 s - a wand of random effects (8)
 v - a wand of hasting (3)
 D - a wand of magic darts (2)
Comestibles
 c - 9 bread rations
 f - 2 pears
 h - 8 lemons
 B - 2 apricots
 C - a choko
 E - 2 oranges
 I - 2 apples
 J - 2 chunks of hippogriff flesh
 K - 9 sultanas
Scrolls
 d - 4 scrolls of remove curse
 m - a scroll of enchant weapon I
 n - 6 scrolls of identify
 q - 3 scrolls of enchant weapon II
 x - 3 scrolls of recharging
 A - a scroll of fog
 H - 3 scrolls of teleportation
Jewellery
 o - a ring of wizardry (left hand)
 t - an amulet of resist corrosion (around neck)
 y - an uncursed ring of ice
Potions
 j - 10 potions of curing
 k - 2 potions of magic
 r - 2 potions of agility
 F - a potion of speed
Books
 b - a book of Power

   Spells                             Type                      Level
   Iskenderun's Mystic Blast          Conjuration                  4
   Venom Bolt                         Conjuration/Poison           5
   Bolt of Magma                      Conjuration/Fire/Earth       5
   Fulminant Prism                    Conjuration/Hexes            5
   Iron Shot                          Conjuration/Earth            6
   Orb of Destruction                 Conjuration                  7
 G - a book of Annihilations {highlevel}

   This book is beyond your current level of understanding.

   Spells                             Type                      Level
   Poison Arrow                       Conjuration/Poison           6
   Orb of Destruction                 Conjuration                  7
   Chain Lightning                    Conjuration/Air              8
   Lehudib's Crystal Spear            Conjuration/Earth            8
   Ice Storm                          Conjuration/Ice              9
   Fire Storm                         Conjuration/Fire             9


   Skills:
 + Level 5.6 Fighting
 * Level 8.2 Polearms
 + Level 5.2 Armour
 + Level 6.8 Dodging
 * Level 2.2 Shields
 * Level 7.7 Invocations
 + Level 1.3 Evocations


You had 9 spell levels left.
You didn't know any spells.

Dungeon Overview and Level Annotations

Branches:
Dungeon (9/27)             Temple (0/1) D:7
    Orc: D:6-11        Lair: D:8-13

Altars:
Elyvilon
Fedhas
Kikubaaqudgha
Okawaru

Annotations:
Abyss:1 Prince Ribbit


Innate Abilities, Weirdness & Mutations

You have hoof-like feet.
You are mostly covered in large bone plates (AC +3, SH +4).
You are very good at protecting items from fire.
You can steal the life force of nearby defeated enemies.


Message History

* * * LOW HITPOINT WARNING * * *
You hit the wyvern but do no damage.
The wyvern is almost dead.
You feel less regenerative.
The wyvern bites you but does no damage.
You barely miss the wyvern.
The wyvern is almost dead.
The wyvern bites you.
* * * LOW HITPOINT WARNING * * *
Evoke which item? (* to show all) (? for menu, Esc to quit)
Zapping:
l - a wand of lightning {zapped: 4}
Press: ? - help, Shift-Dir - straight line, f/p - wyvern
Aim: a wyvern (almost dead)
You hear a mighty clap of thunder!
The bolt of lightning hits the wyvern.
You kill the wyvern!
Lugonu accepts your kill.
The centaur wields a bow.
The centaur shoots an arrow of flame.
The arrow of flame hits you!
You die...

###'####### ##+#######
####.........# #.........
#..'.........########|........
'.##.........'......#.........
#.........######.'.........
#####'##### ###........#
#.###### #######.## #......#
#.## ######@# #.# #%# #.#
.......c...# . ..........#
..........# .......(..#
.........' ........#(
.......##


You could see a centaur.

Vanquished Creatures
  Pikel (D:6)
  Grinder (D:5)
  4 wandering mushrooms (D:9)
  A wyvern (D:9)
  Eustachio (D:4)
  A hippogriff (D:9)
  Menkaure (D:5)
  A necrophage (D:8)
  2 phantoms
  A centaur (D:9)
  An ogre (D:5)
  A yellow wasp (D:9)
  2 orc warriors
  Duvessa (D:7)
  3 giant frogs
  A water moccasin (D:5)
  Blork the orc (D:4)
  2 oklob saplings (D:9)
  Dowan (D:7)
  A centaur zombie (D:5)
  4 crimson imps
  4 hounds
  2 jellies
  A quasit (D:8)
  Crazy Yiuf (D:5)
  A big fish (D:2)
  6 orc priests
  An iguana (D:4)
  8 orc wizards
  A scorpion (D:9)
  5 worker ants
  Ijyb (D:4)
  An ogre skeleton (D:4)
  A worker ant zombie (D:9)
  A green rat (D:4)
  11 adders
  5 worms
  An adder zombie (D:7)
  A grey rat (D:4)
  2 giant eyeballs
  7 giant geckos
  2 oozes
  30 orcs
  18 bats
  6 giant cockroaches
  14 goblins
  13 hobgoblins
  8 jackals
  12 kobolds
  6 quokkas
  2 ball pythons (D:1)
  3 giant newts
  A quokka skeleton (D:6)
  16 rats
  3 ballistomycetes (D:6)
227 creatures vanquished.

Vanquished Creatures (others)
  A slave (D:6)
  An orc warrior (D:6)
  A crimson imp (D:6)
  2 giant spores (D:6)
  A goblin (D:2)
  A ballistomycete (D:6)
7 creatures vanquished.

Grand Total: 234 creatures vanquished

Notes
Turn   | Place    | Note
--------------------------------------------------------------
     0 | Abyss:1  | Malachi, the Demonspawn Abyssal Knight, began the quest for the Orb.
     0 | Abyss:1  | Reached XP level 1. HP: 16/16 MP: 1/1
    67 | Abyss:1  | Noticed a small abomination
    69 | Abyss:1  | Noticed a hellephant
    70 | Abyss:1  | Noticed an alligator
    72 | D:1      | Escaped the Abyss
   501 | D:1      | Gained mutation: You are very good at protecting items from fire. [demonic ancestry]
   501 | D:1      | Reached XP level 2. HP: 20/22 MP: 2/2
   544 | D:1      | Acquired Lugonu's first power
   782 | D:1      | Reached skill level 1 in Dodging
  1279 | D:1      | Gained mutation: You are partially covered in large bone plates (AC +2, SH +2). [demonic ancestry]
  1279 | D:1      | Reached XP level 3. HP: 14/28 MP: 4/4
  1636 | D:2      | Acquired Lugonu's second power
  1656 | D:2      | Found a white marble altar of Elyvilon.
  1664 | D:2      | Gained mutation: You can steal the life force of nearby defeated enemies. [demonic ancestry]
  1664 | D:2      | Reached XP level 4. HP: 14/34 MP: 5/5
  2860 | D:3      | Noticed a giant frog
  2877 | D:3      | Killed a giant frog
  2877 | D:3      | Reached skill level 4 in Fighting
  2877 | D:3      | Reached XP level 5. HP: 17/40 MP: 7/7
  3750 | D:3      | Acquired Lugonu's third power
  3788 | D:3      | Found an ancient bone altar of Kikubaaqudgha.
  3890 | D:4      | Gained mutation: You have large cloven feet. [demonic ancestry]
  3890 | D:4      | Reached XP level 6. HP: 47/47 MP: 8/8
  3938 | D:4      | Noticed Blork the orc
  3951 | D:4      | Killed Blork the orc
  4176 | D:4      | Noticed a phantom
  4203 | D:4      | Killed a phantom
  4209 | D:4      | Noticed Prince Ribbit
  4212 | D:5      | Entered Level 5 of the Dungeon
  4311 | D:5      | Reached XP level 7. HP: 46/52 MP: 10/10
  4439 | D:5      | Noticed Menkaure
  4456 | D:5      | Killed Menkaure
  4502 | D:5      | Noticed Grinder
  4528 | D:5      | Killed Grinder
  4528 | D:5      | Reached skill level 5 in Polearms
  4761 | D:5      | Reached XP level 8. HP: 59/59 MP: 14/14
  4830 | D:5      | Acquired Lugonu's fourth power
  4869 | D:5      | Noticed Crazy Yiuf
  4878 | D:5      | Killed Crazy Yiuf
  5187 | D:4      | Noticed Eustachio
  5263 | D:4      | Killed Eustachio
  5263 | D:4      | Reached skill level 5 in Invocations
  5550 | D:4      | Noticed Ijyb
  5553 | D:4      | Paralysed by Ijyb for 2 turns
  5561 | D:4      | Paralysed by Ijyb for 4 turns
  5567 | D:4      | Banished Prince Ribbit
  5567 | D:4      | Reached skill level 6 in Polearms
  5573 | D:4      | Paralysed by Ijyb for 4 turns
  5584 | D:4      | Killed Ijyb
  6363 | D:6      | Reached skill level 5 in Dodging
  6901 | D:6      | Found an iron altar of Okawaru.
  6976 | D:6      | Reached skill level 5 in Fighting
  7024 | D:6      | Gained mutation: You have hoof-like feet. [demonic ancestry]
  7024 | D:6      | Reached XP level 9. HP: 52/65 MP: 6/18
  7152 | D:6      | Noticed Pikel
  7199 | D:6      | Killed Pikel
  7199 | D:6      | Reached skill level 7 in Polearms
  7550 | D:7      | Found a staircase to the Ecumenical Temple.
  7673 | D:7      | Noticed Duvessa
  7689 | D:7      | Noticed Dowan
  7716 | D:7      | Killed Duvessa
  7733 | D:7      | Killed Dowan
  8492 | D:8      | Acquired Lugonu's fifth power
  8730 | D:8      | Paralysed by a giant eyeball for 3 turns
  8825 | D:9      | Reached skill level 1 in Evocations
  8865 | D:9      | Reached skill level 1 in Shields
  8885 | D:9      | Found a blossoming altar of Fedhas.
  8929 | D:9      | Reached skill level 8 in Polearms
  8929 | D:9      | Gained mutation: You are mostly covered in large bone plates (AC +3, SH +4). [demonic ancestry]
  8929 | D:9      | Reached XP level 10. HP: 53/73 MP: 20/20
  9515 | D:9      | Reached skill level 5 in Armour
  9693 | D:9      | Shot with an arrow of flame by a centaur

Action                   |  1- 3 |  4- 6 |  7- 9 | 10-12 || total
-------------------------+-------+-------+-------+-------++-------
Melee: Spear             |   140 |   266 |   765 |   175 ||  1346
Invok: Depart the Abyss  |     1 |       |       |       ||     1
       Banish            |       |       |     4 |       ||     4
Evoke: Wand              |       |     1 |     6 |     4 ||    11
  Use: Scroll            |       |    10 |    14 |       ||    24
       Potion            |       |       |     6 |       ||     6
 Stab: Sleeping          |       |     1 |       |       ||     1
